 Dungeon Sprint DCSS version 0.27-a0-279-gdfb9265905 (webtiles) character file.

Game seed: 16945360198363915846

139692 mhtbhm the Axe Maniac (level 16, -5/274 HPs)
             Began as a Minotaur Fighter on Feb 7, 2021.
             Was the Champion of Trog.
             Slain by Ignacio
             ... wielding a +2 executioner's axe of pain
              (14 damage)
             ... in the Dungeon (Sprint VII: "The Pits").
             The game lasted 00:16:32 (8169 turns).

mhtbhm the Axe Maniac (Minotaur Fighter)            Turns: 8169, Time: 00:16:32

Health: -5/274     AC: 30    Str: 25    XL:     16   Next: 74%
Magic:  5/5        EV: 15    Int:  3    God:    Trog [******]
Gold:   15         SH: 28    Dex: 13    Spells: 15/15 levels left

rFire    + + .     SeeInvis +   E - +4 broad axe (antimagic)
rCold    + . .     Faith    .   c - +1 tower shield
rNeg     . . .     Spirit   .   b - +2 gold dragon scales
rPois    +         Reflect  .   A - +0 hat {SInv}
rElec    .         Harm     .   B - +1 cloak
rCorr    .         Rampage  .   p - +0 pair of gloves
Will     +....     NoTele   +   (no boots)
Stlth    ..........             x - amulet of the acrobat
HPRegen  0.55/turn              n - +3 ring of evasion
MPRegen  0.09/turn              y - ring of protection from fire

@: berserking (expiring), very quick
A: retaliatory headbutt, horns 2, dopey 1
a: Renounce Religion, Berserk, Trog's Hand, Brothers in Arms


You were in the Dungeon.
You worshipped Trog.
Trog was exalted by your worship.
You visited 1 branch You collected 15 gold pieces.

Inventory:

Hand Weapons
 a - the +6 war axe of the Wilderness {antimagic, rPois Dex+3}
   (Trog gifted it to you in the Dungeon)

   It reduces the magical energy of the wielder, and disrupts the spells and
   magical abilities of those hit.
   Natural abilities and divine invocations are not affected.
   It affects your dexterity (+3).
   It protects you from poison.
 w - a +2 eudemon blade of holy wrath
 D - a +7 antimagic executioner's axe
 E - a +4 antimagic broad axe (weapon)
Missiles
 r - 15 javelins (quivered)
Armour
 b - +2 gold dragon scales (worn)
 c - a +1 tower shield (worn)
 p - a +0 pair of gloves (worn)
 q - +0 pearl dragon scales
 A - a +0 hat of see invisible (worn)
 B - a +1 cloak (worn)
 C - a +4 plate armour of willpower
Jewellery
 n - a +3 ring of evasion (left hand)
 x - an amulet of the acrobat (around neck)
 y - a ring of protection from fire (right hand)
 z - an uncursed ring of poison resistance
Scrolls
 j - 2 scrolls of blinking
 l - 4 scrolls of remove curse
 m - a scroll of summoning
 s - 2 scrolls of enchant armour
 t - 4 scrolls of enchant weapon
 v - 2 scrolls of fog
Potions
 d - 2 potions of might
 e - 8 potions of curing
 f - 7 potions of heal wounds
 g - 2 potions of haste
 h - 4 potions of magic
 i - 7 potions of berserk rage
 k - a potion of invisibility
 u - 2 potions of mutation
Miscellaneous
 o - a phantom mirror


   Skills:
 O Level 27 Fighting
 * Level 19.7 Long Blades
 O Level 27 Axes
 + Level 21.3 Armour
 + Level 14.6 Dodging
 - Level 11.5 Stealth
 O Level 27 Shields


You had 15 spell levels left.
You didn't know any spells.
Your spell library was empty.

Dungeon Overview and Level Annotations

Branches:
Dungeon (1/1)

Altars:
Ashenzari
Cheibriados
Dithmenos
Elyvilon
Fedhas
Gozag
Hepliaklqana
Kikubaaqudgha
Makhleb
Nemelex Xobeh
Okawaru
Qazlal
Ru
Sif Muna
Trog
Uskayaw
Vehumet
Wu Jian
Xom
Yredelemnul
Zin
The Shining One
Beogh
Jiyva
Lugonu

Annotations:
D Ignacio


Innate Abilities, Weirdness & Mutations

You reflexively headbutt those who attack you in melee.
You have a pair of horns on your head.
You are dopey. (Int -2)


Message History

You slash Ignacio!
Ignacio's magic leaks into the air.
You headbutt Ignacio.
Ignacio is severely wounded.
Ignacio falters for a moment.
Unknown command.
You slash Ignacio!
Ignacio's magic leaks into the air.
Your headbutt misses Ignacio.
Ignacio is almost dead.
You block Ignacio's attack. x2
Ignacio hits you with a +2 executioner's axe of pain!
* * * LOW HITPOINT WARNING * * *
You writhe in agony.
* * * LOW HITPOINT WARNING * * *
You block Ignacio's attack.
Unknown command.
You slash Ignacio!
Ignacio's magic leaks into the air.
You headbutt Ignacio!
Ignacio is almost dead.
Ignacio hits you with a +2 executioner's axe of pain!
* * * LOW HITPOINT WARNING * * *
You writhe in agony!
You die...

## ##1# #@## ##.##
#...+ ##
##†####+#+#+#+#+#.
#)#.#'.).'.†.'))#
#.#...############
####.##.'.'.# ##
#.'####'###'###+#.
#'#.'#).'##)[#).'#


You could see Ignacio.

Vanquished Creatures
  Asmodeus (D)
  the Royal Jelly (D)
  Khufu (D)
  An orb of fire (D)
  A royal mummy (D)
  A Killer Klown (D)
  3 pandemonium lords (D)
  Arachne (D)
  Nikola (D)
  A profane servitor (D)
  A pearl dragon (D)
  A Brimstone Fiend (D)
  3 Tzitzimimeh (D)
  A Hell Sentinel (D)
  A quicksilver dragon (D)
  2 acid blobs (D)
  A sphinx (D)
  3 titans (D)
  Gastronok (D)
  2 shadow dragons (D)
  A storm dragon (D)
  A nagaraja (D)
  An azure jelly (D)
  Ilsuiw (D)
  3 daevas (D)
  A frost giant (D)
  2 orc warlords (D)
  A ghost moth (D)
  A draconian stormcaller (D)
  Nessos (D)
  A reaper (D)
  An apis (D)
  2 black draconians (D)
  2 lorocyprocas (D)
  A minotaur (D)
  A blizzard demon (D)
  3 yaktaur captains (D)
  3 death oozes (D)
  Erolcha (D)
  3 vault guards (D)
  A centaur warrior (D)
  2 alligators (D)
  4 hell hogs (D)
  A sun demon (D)
  A deep elf knight (D)
  A sixfirhy (D)
  A spriggan druid (D)
  A sea snake (D)
  A wizard (D)
  A bog body (D)
  Pikel (D)
  A deep elf zephyrmancer (D)
  A lindwurm (D)
  An orc sorcerer (D)
  2 orc knights (D)
  3 manticores (D)
  A cyclops (D)
  A moth of wrath (D)
  2 merfolk sirens (D)
  A smoke demon (D)
  A guardian serpent (D)
  An orange demon (D)
  A gargoyle (D)
  A cane toad (D)
  A yaktaur (D)
  A hellion (D)
  4 kobold demonologists (D)
  A guardian mummy (D)
  A wandering mushroom (D)
  3 red devils (D)
  2 trolls (D)
  A polar bear (D)
  3 blink frogs (D)
  A snapping turtle (D)
  2 tyrant leeches (D)
  2 redbacks (D)
  A shadow (D)
  A spriggan (D)
  A wraith (D)
  A fire bat (D)
  3 yaks (D)
  2 wargs (D)
  2 soldier ants (D)
  An acid dragon (D)
  3 floating eyes (D)
  2 swamp drakes (D)
  An ice beast (D)
  3 wolves (D)
  A lemure (D)
  2 big kobolds (D)
  2 gnoll sergeants (D)
  A quasit (D)
  A jelly (D)
  3 orc priests (D)
  An iron imp (D)
  4 orc wizards (D)
  3 mummies (D)
  8 gnolls (D)
  An adder (D)
  A white imp (D)
  A leopard gecko (D)
  3 orcs (D)
  2 bats (D)
  2 bat skeletons (D)
  A giant cockroach (D)
  A goblin (D)
  A hobgoblin (D)
  4 jackals (D)
  5 kobolds (D)
182 creatures vanquished.

Vanquished Creatures (collateral kills)
  A deep elf blademaster (D)
  An orc warlord (D)
  A balrug (D)
  A green draconian (D)
  A death ooze (D)
  An alligator snapping turtle (D)
  A deep elf knight (D)
  A sun demon (D)
  6 orc knights (D)
  A wolf spider (D)
  2 red devils (D)
  A polar bear (D)
  A jumping spider (D)
  Eustachio (D)
  A neqoxec (D)
21 creatures vanquished.

Vanquished Creatures (others)
  A deep elf death mage (D)
  A deep elf knight (D)
  2 orc knights (D)
  A red devil (D)
  2 orc priests (D)
  3 orcs (D)
10 creatures vanquished.

Grand Total: 213 creatures vanquished

Notes
Turn   | Place    | Note
-------+----------+-------------------------------------------
     0 | D        | mhtbhm the Minotaur Fighter began the quest for the Orb.
     0 | D        | Reached XP level 1. HP: 19/19 MP: 0/0
    14 | D        | Reached XP level 2. HP: 14/28 MP: 1/1
    18 | D        | Found a bloodstained altar of Trog.
    18 | D        | Found a shimmering blue altar of Sif Muna.
    18 | D        | Found a viscous altar of Jiyva.
    18 | D        | Found a hazy altar of Hepliaklqana.
    18 | D        | Found an opulent altar of Gozag.
    19 | D        | Found a glowing golden altar of the Shining One.
    19 | D        | Found a glowing silver altar of Zin.
    19 | D        | Found a basalt altar of Yredelemnul.
    19 | D        | Found a shimmering altar of Xom.
    19 | D        | Found an ornate altar of the Wu Jian Council.
    19 | D        | Found a sacrificial altar of Ru.
    19 | D        | Found a stormy altar of Qazlal.
    19 | D        | Found an iron altar of Okawaru.
    19 | D        | Found a sparkling altar of Nemelex Xobeh.
    19 | D        | Found a burning altar of Makhleb.
    19 | D        | Found a blossoming altar of Fedhas.
    19 | D        | Found a white marble altar of Elyvilon.
    19 | D        | Found a shadowy altar of Dithmenos.
    19 | D        | Found a snail-covered altar of Cheibriados.
    21 | D        | Found a radiant altar of Vehumet.
    21 | D        | Found a corrupted altar of Lugonu.
    21 | D        | Found a roughly hewn altar of Beogh.
    23 | D        | Became a worshipper of Trog the Wrathful
   164 | D        | Noticed a floating eye
   167 | D        | Killed a floating eye
   168 | D        | Reached XP level 3. HP: 38/38 MP: 2/2
   168 | D        | Reached XP level 4. HP: 45/45 MP: 3/3
   278 | D        | Reached * piety under Trog
   285 | D        | Noticed a fire bat
   287 | D        | Reached ** piety under Trog
   294 | D        | Killed a fire bat
   295 | D        | Reached skill level 1 in Dodging
   295 | D        | Reached XP level 5. HP: 55/55 MP: 4/4
   295 | D        | Reached XP level 6. HP: 62/62 MP: 5/5
   295 | D        | Reached *** piety under Trog
   468 | D        | Noticed Pikel
   475 | D        | Reached **** piety under Trog
   479 | D        | Reached skill level 10 in Armour
   483 | D        | Killed Pikel
   484 | D        | Reached skill level 10 in Fighting
   484 | D        | Reached XP level 7. HP: 72/72 MP: 6/6
   489 | D        | Reached ***** piety under Trog
   622 | D        | Reached XP level 8. HP: 75/79 MP: 7/7
   624 | D        | Noticed a guardian mummy
   645 | D        | Killed a guardian mummy
   645 | D        | Received a gift from Trog
   924 | D        | Noticed an orange demon
   924 | D        | Noticed a kobold demonologist
   924 | D        | Noticed a kobold demonologist
   924 | D        | Noticed a kobold demonologist
   928 | D        | Noticed a sun demon
   928 | D        | Paralysed by a floating eye for 4 turns
   931 | D        | Noticed a sun demon
   934 | D        | Killed a kobold demonologist
   934 | D        | Received a gift from Trog
   935 | D        | Reached skill level 10 in Axes
   935 | D        | Reached skill level 5 in Dodging
   937 | D        | Reached ****** piety under Trog
   941 | D        | Killed a kobold demonologist
   942 | D        | Killed a kobold demonologist
   943 | D        | Reached XP level 9. HP: 89/89 MP: 8/8
   948 | D        | Killed an orange demon
   952 | D        | Got an iridescent war axe {god gift}
   953 | D        | Identified the +6 war axe of the Wilderness {antimagic,
                  | rPois Dex+3} (Trog gifted it to you in the Dungeon)
  1135 | D        | Found a hide-covered altar of Uskayaw.
  1135 | D        | Found an ancient bone altar of Kikubaaqudgha.
  1135 | D        | Found a broken altar of Ashenzari.
  1169 | D        | Received a gift from Trog
  1285 | D        | Noticed a cane toad
  1285 | D        | Noticed a wizard
  1285 | D        | Noticed a red devil
  1290 | D        | Killed a cane toad
  1292 | D        | Killed a wizard
  1306 | D        | Killed a red devil
  1396 | D        | Noticed a sea snake
  1407 | D        | Killed a sea snake
  1408 | D        | Reached XP level 10. HP: 92/100 MP: 3/9
  1422 | D        | Noticed a lindwurm
  1435 | D        | Killed a lindwurm
  1435 | D        | Received a gift from Trog
  1436 | D        | Reached skill level 15 in Axes
  1565 | D        | Noticed Arachne
  1565 | D        | Noticed a deep elf zephyrmancer
  1583 | D        | Killed Arachne
  1584 | D        | Reached skill level 15 in Shields
  1584 | D        | Reached XP level 11. HP: 101/110 MP: 3/10
  1586 | D        | Killed a deep elf zephyrmancer
  1761 | D        | Noticed a death ooze
  1765 | D        | Killed a death ooze
  1765 | D        | Received a gift from Trog
  2012 | D        | Noticed a pearl dragon
  2020 | D        | Killed a pearl dragon
  2021 | D        | Reached skill level 15 in Fighting
  2620 | D        | Received a gift from Trog
  2847 | D        | Received a gift from Trog
  2887 | D        | Noticed a nagaraja
  2893 | D        | Received a gift from Trog
  2900 | D        | Killed a nagaraja
  2901 | D        | Reached skill level 10 in Dodging
  2907 | D        | Upgraded the game from 0.27-a0-277-g024f7ef292 to
                  | 0.27-a0-279-gdfb9265905
  2907 | D        | Reached XP level 12. HP: 75/122 MP: 3/11
  3222 | D        | Noticed an alligator
  3234 | D        | Killed an alligator
  3234 | D        | Received a gift from Trog
  3237 | D        | Noticed Erolcha
  3248 | D        | Killed Erolcha
  3248 | D        | Received a gift from Trog
  3316 | D        | Received a gift from Trog
  3322 | D        | Noticed Eustachio
  3335 | D        | Received a gift from Trog
  3348 | D        | Killed Eustachio
  3352 | D        | Killed a lorocyproca
  3355 | D        | Got an iridescent battleaxe {god gift}
  3703 | D        | Noticed a deep elf blademaster
  3703 | D        | Noticed a profane servitor
  3703 | D        | Noticed Ilsuiw
  3712 | D        | Killed a deep elf blademaster
  3713 | D        | Reached skill level 15 in Armour
  3720 | D        | Killed a profane servitor
  3735 | D        | Killed Ilsuiw
  3735 | D        | Received a gift from Trog
  3747 | D        | Reached XP level 13. HP: 57/134 MP: 4/12
  4081 | D        | Identified the +2 battleaxe "Hiyhukyu" {vorpal, *Slow rC+
                  | rN+} (Trog gifted it to you in the Dungeon)
  4116 | D        | Noticed Gastronok
  4116 | D        | Noticed a deep elf death mage
  4117 | D        | Noticed a minotaur
  4119 | D        | Received a gift from Trog
  4128 | D        | Received a gift from Trog
  4132 | D        | Killed Gastronok
  4136 | D        | Killed a minotaur
  4136 | D        | Killed a deep elf death mage
  4139 | D        | Noticed an apis
  4146 | D        | Killed an apis
  4151 | D        | Received a gift from Trog
  4153 | D        | Found the +3 sling "Punk" {acid, rCorr}
  4162 | D        | Noticed Nessos
  4166 | D        | Received a gift from Trog
  4177 | D        | Killed Nessos
  4178 | D        | Reached skill level 1 in Stealth
  4595 | D        | Noticed an orc warlord
  4596 | D        | Noticed an orc warlord
  4600 | D        | Noticed a green draconian
  4601 | D        | Noticed a balrug
  4604 | D        | Received a gift from Trog
  4613 | D        | Killed an orc warlord
  4613 | D        | Received a gift from Trog
  4619 | D        | Killed a balrug
  4619 | D        | Received a gift from Trog
  4620 | D        | Killed an orc warlord
  4620 | D        | Killed a green draconian
  4621 | D        | Reached skill level 5 in Stealth
  4621 | D        | Reached XP level 14. HP: 149/149 MP: 4/13
  4629 | D        | Received a gift from Trog
  4642 | D        | Received a gift from Trog
  4882 | D        | Found the +3 robe of Folly {Archmagi, Will-- Int+5}
  5088 | D        | Noticed Nikola
  5088 | D        | Noticed an orc warlord
  5094 | D        | Killed an orc warlord
  5109 | D        | Killed Nikola
  5139 | D        | Noticed a reaper
  5149 | D        | Killed a reaper
  5158 | D        | Received a gift from Trog
  5215 | D        | Noticed a titan
  5222 | D        | Killed a titan
  5223 | D        | Reached skill level 10 in Stealth
  5268 | D        | Noticed Khufu
  5287 | D        | Killed Khufu
  5542 | D        | Noticed a daeva
  5551 | D        | Killed a daeva
  5612 | D        | Noticed a daeva
  5627 | D        | Killed a daeva
  5707 | D        | Noticed a Tzitzimitl
  5718 | D        | Killed a Tzitzimitl
  5718 | D        | Received a gift from Trog
  5769 | D        | Noticed a shadow dragon
  5783 | D        | Killed a shadow dragon
  6001 | D        | Noticed a quicksilver dragon
  6010 | D        | Killed a quicksilver dragon
  6088 | D        | Noticed a Tzitzimitl
  6096 | D        | Killed a Tzitzimitl
  6097 | D        | Reached XP level 15. HP: 162/162 MP: 4/14
  6134 | D        | Noticed a daeva
  6149 | D        | Killed a daeva
  6187 | D        | Noticed a Brimstone Fiend
  6194 | D        | Killed a Brimstone Fiend
  6404 | D        | Noticed the Royal Jelly
  6407 | D        | Noticed an acid blob
  6407 | D        | Noticed an azure jelly
  6408 | D        | Noticed an acid blob
  6413 | D        | Killed the Royal Jelly
  6415 | D        | Killed an azure jelly
  6415 | D        | Killed an acid blob
  6419 | D        | Killed an acid blob
  6431 | D        | Received a gift from Trog
  6632 | D        | Noticed a storm dragon
  6645 | D        | Killed a storm dragon
  6668 | D        | Noticed a Killer Klown
  6696 | D        | Killed a Killer Klown
  6768 | D        | Noticed Sifyda the pandemonium lord
  6782 | D        | Killed Sifyda the pandemonium lord
  6927 | D        | Noticed a frost giant
  6933 | D        | Killed a frost giant
  6933 | D        | Received a gift from Trog
  6994 | D        | Noticed Quowk the pandemonium lord
  7013 | D        | Killed Quowk the pandemonium lord
  7046 | D        | Noticed a sphinx
  7050 | D        | Killed a sphinx
  7053 | D        | Noticed Duciuplu the pandemonium lord
  7065 | D        | Killed Duciuplu the pandemonium lord
  7212 | D        | Noticed a Hell Sentinel
  7226 | D        | Killed a Hell Sentinel
  7227 | D        | Reached skill level 27 in Axes
  7227 | D        | Reached XP level 16. HP: 180/180 MP: 5/15
  7289 | D        | Reached skill level 1 in Long Blades
  7291 | D        | Noticed a shadow dragon
  7300 | D        | Killed a shadow dragon
  7300 | D        | Received a gift from Trog
  7301 | D        | Reached skill level 27 in Shields
  7371 | D        | Reached skill level 5 in Long Blades
  7425 | D        | Found the +7 sceptre of Asmodeus
  7425 | D        | Noticed Asmodeus
  7464 | D        | Killed Asmodeus
  7465 | D        | Reached skill level 27 in Fighting
  7671 | D        | Noticed a royal mummy
  7681 | D        | Killed a royal mummy
  7682 | D        | Reached skill level 15 in Long Blades
  7950 | D        | Received a gift from Trog
  7957 | D        | Noticed a titan
  7961 | D        | Killed a titan
  7976 | D        | Noticed an orb of fire
  7979 | D        | Gained mutation: You are dopey. (Int -2) [an orb of fire]
  7991 | D        | Killed an orb of fire
  8036 | D        | Noticed a titan
  8036 | D        | Noticed a Tzitzimitl
  8046 | D        | Killed a Tzitzimitl
  8053 | D        | Killed a titan
  8053 | D        | Received a gift from Trog
  8149 | D        | Noticed Ignacio
  8169 | D        | HP: 9/274 [Ignacio/+2 executioner's axe of pain (11)]
  8169 | D        | Slain by Ignacio

Illustrated notes

Levels and vault maps discovered:
D:        pitsprint [storerooms_1, entrance_room_1, metal_vault_6, armoury_1,
          mini_pit_1, grid_room_1, main_hall_1, silver_pit, the_coven_2,
          the_vestibule_1, steel_vault_4, golden_pit, hallway_of_sentries,
          crystal_vault_5, iron_vault_3, final_vault]

Skill      XL: |  1  2  3  4  5  6  7  8  9 10 11 12 13 14 15 16 |
---------------+-------------------------------------------------+-----
Fighting       | 4 6 8 10 11 12 14 16 18 20 22 25 27 | 27.0
Armour         | 4 7 9 11 12 13 14 15 16 18 21 | 21.3
Shields        | 4 6 8 11 12 14 15 17 19 21 23 26 27 | 27.0
Axes           | 4 6 8 11 14 17 19 21 22 24 27 | 27.0
Dodging        | 1 4 6 7 8 10 11 13 14 | 14.6
Stealth        | 5 11 | 11.5
Long Blades    | 19 | 19.7

Action                   |  1- 3 |  4- 6 |  7- 9 | 10-12 | 13-15 | 16-18 || total
-------------------------+-------+-------+-------+-------+-------+-------++-------
Melee: War axe           |     4 |       |    22 |   181 |   194 |       ||   401
       Hand axe          |     3 |    30 |    55 |       |       |       ||    88
       Headbutt          |     2 |     4 |    13 |    39 |    95 |    44 ||   197
       Broad axe         |       |       |       |       |   174 |   141 ||   315
Invok: Berserk           |       |     2 |     4 |     7 |    19 |     5 ||    37
       Brothers in Arms  |       |       |       |     2 |     6 |       ||     8
  Use: Potion            |       |       |       |     5 |     3 |     1 ||     9
       Scroll            |       |       |       |       |     2 |       ||     2
 Stab: Invisible         |       |       |       |       |    20 |       ||    20
       Distracted        |       |       |       |       |     2 |       ||     2
Armor: Scale mail        |     2 |    15 |    27 |    26 |    18 |       ||    88
       Gold dragon scale |       |       |       |       |    39 |    25 ||    64
Dodge: Dodged            |       |    15 |    29 |    98 |    88 |    14 ||   244
Block: Kite shield       |     2 |    23 |    38 |    74 |       |       ||   137
       Tower shield      |       |       |       |    39 |   303 |    74 ||   416

Table legend: (Time is in decaauts)
 A = Elapsed time spent in this place.
 B = Non-inter-level travel time spent in this place.
 C = Inter-level travel time spent in this place.
 D = Time resting spent in this place.
 E = Time spent auto-exploring this place.
 F = Levels seen in this place.
 G = Mean time per level.
                   A        B        C        D        E       F      G
               +--------+--------+--------+--------+--------+-----+--------+
         Total |   8286 |   8286 |      0 |   5967 |     70 |   1 | 8286.0 |
       Dungeon |   8286 |   8286 |      0 |   5967 |     70 |   1 | 8286.0 |
               +--------+--------+--------+--------+--------+-----+--------+

Top non-repeatable levels by time:
       D: 8286 daAuts
